AoeStats
← DiegoRH7955

African Clearing

510913620Analyzed
3v3 RM · 15h ago on Oct 3, 2026· 72m 28s· 6 players
Game mode
Random Map
Map size
Normal (6 player)
Population
200
Speed
Normal
Resources
Standard
Victory
Conquest
Starting age
Dark Age
Ending age
Imperial Age
RankedLock teamsTeams togetherTeam positionsShared explorationLock speedFull tech treeHidden civsTurbo modeCheats
Victory
Defeat
🇦🇷 Britons · Argentina
1573
+16
🇲🇽 Poles · Mexico
1493
+19
🇲🇽 Saxons · Mexico
1472
+20
🇨🇴 Malay · Colombia
1661
-23
1586
-19
🇨🇴 Spanish · Colombia
1432
-13
GDL_arlekin_
10:04 Loom
13:36 Feudal Age
17:18 Castle Age
15:49 Double-Bit Axe
17:02 Stone Mining
18:36 Horse Collar
30:52 Fletching
31:41 Wheelbarrow
33:47 Bodkin Arrow
34:15 Padded Archer Armor
35:33 Hand Cart
38:56 Imperial Age
38:22 Gold Mining
40:52 Chemistry
42:51 Stone Shaft Mining
44:22 Leather Archer Armor
46:00 Ring Archer Armor
47:56 Bracer
48:50 Elite Skirmisher
50:34 Scale Mail Armor
50:45 Forging
51:13 Squires
51:37 Pikeman
53:57 Scale Barding Armor
54:28 Iron Casting
55:39 Bloodlines
55:30 Husbandry
54:50 Cavalier
58:08 Chain Barding Armor
59:15 Blast Furnace
60:57 Plate Barding Armor
61:16 Conscription
62:39 Ballistics
63:22 Paladin
71:08 Light Cavalry
VENÓN | Lord Of Yama
3:00 Loom
14:12 Feudal Age
18:03 Castle Age
16:51 Double-Bit Axe
20:50 Bow Saw
22:47 Scale Barding Armor
23:05 Horse Collar
23:48 Husbandry
25:57 Bloodlines
31:46 Chain Barding Armor
32:36 Wheelbarrow
32:48 Forging
35:02 Iron Casting
38:16 Heavy Plow
42:00 Town Watch
42:47 Hand Cart
44:17 Fletching
49:32 Imperial Age
47:05 Gold Mining
47:06 Stone Mining
47:47 Bodkin Arrow
50:50 Plate Barding Armor
50:39 Conscription
50:01 Elite Jarl
52:05 Blast Furnace
50:33 Vendel Legacy
52:44 Stone Shaft Mining
52:35 Ballistics
51:58 Light Cavalry
54:18 Two-Man Saw
52:40 Hussar
61:20 Bracer
68:46 Crop Rotation
[GDL] Capitan Nicky
6:17 Loom
15:41 Feudal Age
15:38 Double-Bit Axe
21:31 Fishing Lines
22:05 Town Watch
26:04 Castle Age
24:15 Horse Collar
29:27 Imperial Age
27:30 Fletching
28:24 Bow Saw
28:35 Bodkin Arrow
30:02 Chemistry
29:01 Crossbowman
29:47 Arbalester
31:29 Bracer
32:31 Padded Archer Armor
32:55 Ballistics
47:09 Wheelbarrow
51:32 Leather Archer Armor
51:33 Hand Cart
51:39 Siege Engineers
51:45 Masonry
52:34 Thumb Ring
53:45 Ring Archer Armor
58:45 Guilds
58:46 Heavy Plow
58:38 Gold Mining
58:38 Stone Mining
66:01 Elite Skirmisher
panzasmagno
10:00 Loom
12:18 Feudal Age
16:31 Castle Age
15:00 Double-Bit Axe
17:47 Bow Saw
20:49 Horse Collar
25:05 Fletching
25:55 Szlachta Privileges
26:07 Town Watch
25:58 Light Cavalry
26:40 Gold Mining
27:53 Wheelbarrow
27:55 Scale Barding Armor
28:39 Forging
28:50 Husbandry
29:01 Bloodlines
28:33 Light Cavalry
30:07 Chain Barding Armor
31:00 Iron Casting
30:21 Bodkin Arrow
32:43 Hand Cart
34:48 Heavy Plow
38:19 Imperial Age
36:09 Stone Mining
37:51 Coinage
38:34 Cavalier
40:22 Blast Furnace
43:58 Banking
44:52 Conscription
45:26 Light Cavalry
47:07 Winged Hussar
53:05 Crop Rotation
57:55 Lechitic Legacy
63:43 Stone Shaft Mining
65:42 Town Patrol
DiegoRH7955
8:50 Loom
11:33 Feudal Age
11:40 Man-at-Arms
14:36 Double-Bit Axe
15:44 Fletching
20:49 Castle Age
19:35 Scale Mail Armor
20:54 Forging
22:58 Gambesons
24:02 Squires
24:51 Chain Mail Armor
32:41 Wheelbarrow
33:39 Bodkin Arrow
42:45 Gold Mining
50:01 Hand Cart
52:35 Imperial Age
51:58 Iron Casting
51:19 Town Watch
52:07 Stone Mining
53:13 Gold Shaft Mining
52:14 Pikeman
54:54 Conscription
54:29 Elite Varangian Guard
55:08 Elite Hearth Troop
57:08 Hoardings
56:15 Shield Wall
57:54 Plate Mail Armor
58:36 Halberdier
60:01 Bracer
65:06 Chemistry
64:13 Siege Engineers
65:29 Padded Archer Armor
67:50 Arson
68:54 Treadmill Crane
DiegoRasta
11:07 Loom
13:29 Feudal Age
15:06 Horse Collar
15:11 Double-Bit Axe
17:31 Castle Age
16:23 Fletching
16:29 Gold Mining
18:36 Bow Saw
19:02 Bodkin Arrow
31:12 Ballistics
32:56 Padded Archer Armor
34:00 Wheelbarrow
37:12 Yeomen
40:57 Imperial Age
38:26 Stone Mining
39:41 Leather Archer Armor
40:34 Gold Shaft Mining
41:03 Hand Cart
41:29 Masonry
41:46 Bracer
42:49 Elite Longbowman
44:57 Ring Archer Armor
47:00 Conscription
47:13 Coinage
48:10 Two-Man Saw
47:55 Town Watch
48:49 Heavy Plow
49:58 Banking
50:26 Warwolf
54:53 Architecture
54:30 Siege Engineers
55:26 Chemistry
61:33 Scale Mail Armor
62:17 Pikeman
63:02 Squires
62:48 Gambesons
62:48 Arson
63:01 Halberdier
65:15 Chain Mail Armor
65:11 Forging
67:29 Hoardings
67:26 Plate Mail Armor
67:32 Iron Casting
Connection lost

Rejoining the realm…

Still unreachable

The connection could not be restored.

Session expired

The server has moved on; the page needs a fresh start.